 Dungeon Crawl Stone Soup version 0.29.1-15-g9cfb28693d (webtiles) character file.

Game seed: 4088019628608012425

156 javelincjr the Magician (level 5, -2/42 HPs)
             Began as a Demonspawn Hedge Wizard on Apr 7, 2023.
             Was a Believer of Ashenzari.
             Slain by a scorpion (4 damage)
             ... on level 4 of the Dungeon.
             The game lasted 00:09:36 (3397 turns).

javelincjr the Magician (Demonspawn Hedge Wizard)   Turns: 3397, Time: 00:09:37

Health: -2/42      AC:  4    Str: 12    XL:     5   Next: 15%
Magic:  11/12      EV: 13    Int: 15    God:    Ashenzari [**....]
Gold:   209        SH:  0    Dex: 13    Spells: 10/13 levels left

rFire   . . .      SeeInvis +   e - +0 hand axe
rCold   . . .      Faith    .   (no shield)
rNeg    . . .      Spirit   .   b - +0 robe "Oracular Stoicism" {Cun, Bglg} (curse)
rPois   .          Reflect  .   c - +0 hat of Ashenzari's Vision {Alch, Cun} (curse)
rElec   .          Harm     .   o - +0 cloak "Lashed Together" {Cun, Self} (curse)
rCorr   .          Rampage  .   (no gloves)
Will    .....                   (no boots)
Stlth   ++........              (no amulet)
HPRegen 0.14/turn               (no ring)
MPRegen 0.13/turn               (no ring)

@: no status effects
A: rugged brown scales 1, demonic guardian 2, powered by pain 1, horns 1, talons
1, noise suppression
a: Renounce Religion, Shatter the Chains


You were on level 4 of the Dungeon.
You worshipped Ashenzari.
Ashenzari was pleased with you.
You visited 1 branch of the dungeon, and saw 4 of its levels.

You collected 209 gold pieces.

Inventory:

Hand Weapons
 a - a +0 dagger
 e - a +0 hand axe (weapon)
Missiles
 p - 2 poisoned darts
Armour
 b - the cursed +0 robe "Oracular Stoicism" (worn) {Cun, Bglg}

   It has a curse which improves the following skills: Cunning: Dodging and
   Stealth.
   Beguiling: Conjurations, Hexes and Translocations.
 c - the cursed +0 hat of Ashenzari's Vision (worn) {Alch, Cun}

   It has a curse which improves the following skills: Alchemy: Poison Magic and
   Transmutations.
   Cunning:   Dodging and Stealth.
 o - the cursed +0 cloak "Lashed Together" (worn) {Cun, Self}
   (You found it on level 2 of the Dungeon)

   It has a curse which improves the following skills: Cunning: Dodging and
   Stealth.
   Introspection: Fighting and Spellcasting.
 u - a +0 pair of boots
Scrolls
 f - a scroll of fear
 h - a scroll of acquirement
 i - a scroll of vulnerability
 j - a scroll of blinking
 l - 5 scrolls of identify
 r - a scroll of fog
 s - a scroll of teleportation
 t - a scroll of magic mapping
Potions
 d - a potion of magic
 g - a potion of flight
 k - a potion of berserk rage
 m - a potion of attraction
 n - a potion of heal wounds
 q - a potion of curing


   Skills:
 * Level 2.1(3.1) Fighting
 + Level 1.2 Armour
 + Level 2.3(4.3) Dodging
 - Level 1.7(3.5) Stealth
 * Level 3.6(4.8) Spellcasting
 + Level 1.8(2.7) Conjurations
 + Level 1.7 Summonings
 + Level 1.6(2.5) Translocations


You had 10 spell levels left.
You knew the following spells:

 Your Spells              Type           Power      Damage    Failure   Level
a - Magic Dart            Conj           44%        1d5       5%          1
b - Call Imp              Summ           8%         N/A       12%         2

Your spell library contained the following spells:

 Spells                   Type           Power      Damage    Failure   Level
 Blink                    Tloc           22%        N/A       9%          2
 Slow                     Hex            16%        N/A       16%         1
 Conjure Flame            Conj/Fire      7%         6-21      28%         3
 Mephitic Cloud           Conj/Pois/Air  6%         N/A       32%         3
 Fireball                 Conj/Fire      3%         3d4       95%         5
 Starburst                Conj/Fire      3%         6d3       100%        6
 Ignition                 Fire           1%         3d3       100%        8


Dungeon Overview and Level Annotations

Branches:
Dungeon (4/15)
 Temple: D:4-7

Altars:
Ashenzari

Shops:
D:2 :


Innate Abilities, Weirdness & Mutations

You are partially covered in rugged brown scales. (AC +1, +3% HP)
A demonic guardian rushes to your aid.
You sometimes gain a little power by taking damage.
You have a pair of small horns on your head.
You have sharp toenails.
You passively dampen the noise of your surroundings.


Message History

You hit the orc.
You kill the orc!
You closely miss the hound. The hound bites you.
* * * LOW HITPOINT WARNING * * *
Your rust devil hits the hound!
Your rust devil corrodes the hound!
The hound bites you.
* * * LOW HITPOINT WARNING * * *
You barely miss the hound. Your headbutt misses the hound.
The hound is heavily wounded.
Your rust devil hits the hound.
The hound seems to be corroded for longer.
The hound closely misses your rust devil.
Your rust devil barely misses the hound.
You hit the hound.
You kill the hound!
Your rust devil hits the gnoll!
Your rust devil corrodes the gnoll!
Your base Fighting skill increases to level 2!
You have reached level 5!
Your demonic ancestry asserts itself...
Rugged brown scales grow over part of your body.
You hit the gnoll. You claw the gnoll.
You kill the gnoll!
Casting: Magic Dart (safe; 5% risk of failure)
Confirm with . or Enter, or press ? or * to list all spells.
Aiming: Magic Dart (safe; 5% risk of failure)
Press: ? - help, Shift-Dir - straight line, f - scorpion
Aim: a scorpion (ally target, 100% to hit)
The magic dart hits the scorpion but does no damage.
You hit the scorpion.
The scorpion is lightly wounded.
The scorpion stings you.
* * * LOW HITPOINT WARNING * * *
Your rust devil barely misses the scorpion.
The scorpion barely misses you.
Your rust devil closely misses the scorpion.
You closely miss the scorpion.
You claw the scorpion, but do no damage.
The scorpion is lightly wounded.
The scorpion stings you.
You die...

, , , .##.., ..#
* ,, ..#..,, ..#
##. * ,
.....###..#....
,* ,
..........#....
......#.)......
*
,,#......).....
, , *
..####..........
* ,
.......)@#.....
, , ,
.....8.4s.....#
, , ,
......)†)....##
,,
...8.8.....#.#
...........#,..
, .8.........#
#. ,
........#... , ,
, ...8.....#...
, ,.........
....


You could see a scorpion (ally target) and a friendly rust devil (summoned).

Vanquished Creatures
  A hound (D:4)
  A jelly (D:3)
  An orc priest (D:3)
  A gnoll (D:4)
  An adder (D:2)
  A worm (D:3)
  7 orcs
  4 endoplasms
  6 goblins
  4 hobgoblins
  5 kobolds
  A ball python (D:3)
  2 bats
  A frilled lizard (D:2)
  A rat (D:2)
37 creatures vanquished.

Notes
Turn   | Place    | Note
-------+----------+-------------------------------------------
     0 | D:1      | javelincjr the Demonspawn Hedge Wizard began the quest for
                  | the Orb.
     0 | D:1      | Reached XP level 1. HP: 13/13 MP: 4/4
   703 | D:1      | Reached skill level 1 in Translocations
   847 | D:1      | Found a faded altar of an unknown god.
   855 | D:1      | Prayed at the altar of an unknown god.
   855 | D:1      | Became a worshipper of Ashenzari the Shackled
   879 | D:1      | Gained mutation: A weak demonic guardian rushes to your
                  | aid. [demonic ancestry]
   879 | D:1      | Reached XP level 2. HP: 17/20 MP: 6/6
  1401 | D:2      | Found Tauc's Book Shoppe.
  1680 | D:2      | Reached skill level 1 in Fighting
  1680 | D:2      | Reached * piety under Ashenzari
  1680 | D:2      | Identified a scroll of acquirement
  1681 | D:2      | Gained mutation: You have sharp toenails. [potion of
                  | mutation]
  1681 | D:2      | Gained mutation: You passively dampen the noise of your
                  | surroundings. [potion of mutation]
  1681 | D:2      | Gained mutation: You have a pair of small horns on your
                  | head. [potion of mutation]
  2177 | D:3      | Gained mutation: A demonic guardian rushes to your aid.
                  | [demonic ancestry]
  2177 | D:3      | Reached XP level 3. HP: 26/26 MP: 8/8
  2602 | D:3      | Reached ** piety under Ashenzari
  2828 | D:3      | Learned a level 2 spell: Call Imp
  2860 | D:3      | Gained mutation: You sometimes gain a little power by
                  | taking damage. [demonic ancestry]
  2860 | D:3      | Reached XP level 4. HP: 18/34 MP: 1/10
  3380 | D:4      | Reached skill level 1 in Armour
  3385 | D:4      | Noticed a scorpion
  3394 | D:4      | Gained mutation: You are partially covered in rugged brown
                  | scales. (AC +1, +3% HP) [demonic ancestry]
  3394 | D:4      | Reached XP level 5. HP: 6/42 MP: 12/12
  3396 | D:4      | HP: 2/42 [scorpion (5)]
  3397 | D:4      | Slain by a scorpion

Illustrated notes

Levels and vault maps discovered:
D:1:      minmay_arrival_widening_spiral_wide, layout_basic,
          hellmonk_ecumenical_altar_prayer_group
D:2:      layout_loops_ring, serial_shops, nicolae_shop_trees
D:3:      layout_loops_cross
D:4:      layout_cave_pools, pdpol_wu_jian_five_deadly_venoms,
          eat_drink_and_be_merry_uskayaw, serial_column_ruins, column_ruins_hut,
          column_ruins_square_medium, column_ruins_open_small,
          column_ruins_open_small_water, column_ruins_grid_4,
          kennysheep_generic_room_5

Skill      XL: |  1  2  3  4 |
---------------+-------------+-----
Translocations | 1 |  1.6
Fighting       | 1 2 |  2.1
Dodging        | 2 |  2.3
Armour         | 1 |  1.2
Stealth        | |  1.7
Spellcasting   | |  3.6
Conjurations   | |  1.8
Summonings     | |  1.7

Action                   |  1- 3 |  4- 6 || total
-------------------------+-------+-------++-------
Melee: Hand axe          |    43 |    21 ||    64
       Kick              |     3 |     7 ||    10
       Headbutt          |     2 |     1 ||     3
 Cast: Magic Dart        |    48 |    13 ||    61
       Call Imp          |     3 |       ||     3
Invok: Curse Item        |     3 |       ||     3
  Use: Potion            |     1 |       ||     1
 Stab: Sleeping          |     1 |       ||     1
Armor: Robe              |     2 |     1 ||     3
Dodge: Dodged            |    25 |    25 ||    50
